 Dungeon Crawl Stone Soup version 0.21.1 (webtiles) character file.

49 tidbits the Charmwright (level 3, -6/31 HPs)
             Began as a Gnoll Skald on Feb 2, 2018.
             Mangled by hpc's ghost (9 damage)
             ... on level 4 of the Dungeon.
             The game lasted 00:05:19 (555 turns).

tidbits the Charmwright (Gnoll Skald)                Turns: 555, Time: 00:05:20

Health: -6/31      AC:  5    Str: 18    XL:     3   Next: 77%
Magic:  7/9        EV: 14    Int: 16    God:
Gold:   46         SH:  0    Dex: 14    Spells: 1/12 levels left

rFire    . . .     SeeInvis .   a - +0 hand axe
rCold    . . .     Gourm    .   (no shield)
rNeg     . . .     Faith    .   B - +0 leather armour
rPois    .         Spirit   .   (no helmet)
rElec    .         Reflect  .   C - +0 cloak
rCorr    .         Harm     .   G - +0 pair of gloves
MR       .....                  (no boots)
Stlth    +.........             (no amulet)
HPRegen  0.10/turn              (no ring)
MPRegen  0.11/turn              (no ring)

@: mighty, infused
A: distributed training, fangs 1, strong nose
a: no special abilities


You were on level 4 of the Dungeon.
You were not hungry.

You visited 1 branch of the dungeon, and saw 4 of its levels.

You collected 46 gold pieces.

Inventory:

Hand Weapons
 a - a +0 hand axe (weapon)
 b - a +0 short sword
 i - a +0 dagger
Armour
 B - a +0 leather armour (worn)
 C - a +0 cloak (worn)
 G - a +0 pair of gloves (worn)
Jewellery
 e - an uncursed ring of ice
   (You found it on level 1 of the Dungeon)
Scrolls
 f - a scroll of immolation
 h - a scroll of noise
 k - a scroll of fog
Books
 c - a book of Battle

   Spells                             Type                      Level
   a - Infusion                       Charms                       1
   b - Shroud of Golubria             Charms/Translocation         2
   c - Song of Slaying                Charms                       2
   d - Spectral Weapon                Hexes/Charms                 3
   e - Regeneration                   Charms/Necromancy            3
Comestibles
 d - 3 rations


   Skills:
 + Level 4.5 Fighting
 + Level 0.9 Short Blades
 + Level 0.9 Long Blades
 + Level 4.5 Axes
 + Level 0.9 Maces & Flails
 + Level 0.9 Polearms
 + Level 0.9 Staves
 + Level 0.9 Slings
 + Level 0.9 Bows
 + Level 0.9 Crossbows
 + Level 0.9 Throwing
 + Level 2.6 Armour
 + Level 4.5 Dodging
 + Level 0.9 Stealth
 + Level 0.9 Shields
 + Level 0.9 Unarmed Combat
 + Level 5.0 Spellcasting
 + Level 0.6 Conjurations
 + Level 0.6 Hexes
 + Level 5.4 Charms
 + Level 0.6 Summonings
 + Level 0.6 Necromancy
 + Level 0.6 Translocations
 + Level 0.6 Transmutations
 + Level 0.6 Fire Magic
 + Level 0.6 Ice Magic
 + Level 0.6 Air Magic
 + Level 0.6 Earth Magic
 + Level 0.6 Poison Magic
 + Level 1.0 Invocations
 + Level 0.9 Evocations


You had one spell level left.
You knew the following spells:

 Your Spells              Type           Power        Failure   Level  Hunger
g - Shroud of Golubria    Chrm/Tloc      ##........   8%          2    #......
i - Infusion              Chrm           ###.         1%          1    None
r - Regeneration          Chrm/Necr      ##........   16%         3    ###....
w - Spectral Weapon       Hex/Chrm       ##......     16%         3    ###....
y - Song of Slaying       Chrm           ###.....     3%          2    #......


Dungeon Overview and Level Annotations

Branches:
Dungeon (4/15)
 Temple: D:4-7

Altars:

Annotations:
D:3 Syrassil's ghost, amateur DrIE
D:4 hpc's ghost, novice FoFi


Innate Abilities, Weirdness & Mutations

Your experience applies equally to all skills.
You have very sharp teeth.
Your uncanny sense of smell can sniff out nearby items.


Message History

Your magical infusion is running out.
You see here 10 gold pieces.
You now have 46 gold pieces (gained 10).
You are no longer magically infusing your attacks.
Found a ration.
Your magical contamination has completely faded away.
You see here a ration.
d - 3 rations (gained 1)
Found a fuming sapphire potion.
You see here a fuming sapphire potion.
g - a fuming sapphire potion
Found 4 gold pieces.
Found a stone staircase leading down.
Unknown command.
Found a stone staircase leading down.
There is a stone staircase leading down here.
Press: ? - help, v - describe, . - travel, g - get item 4 gold pieces.
The floor.
You climb downwards.
There is a stone staircase leading up here.
Unknown command.
You climb upwards.
There is a stone staircase leading down here.
Unknown command.
There is a stone staircase leading down here.
You climb downwards.
A kobold comes into view. It is wielding a whip.
Found 13 stones.
There is a stone staircase leading up here.
The helpless kobold fails to defend itself.
You hit the kobold.
You kill the kobold!
Things that are here:
a whip; a stone; a kobold corpse Syrassil's ghost (amateur Draconian Ice Elementalist) comes into view.
Syrassil's ghost moves out of view.
Found a stone staircase leading down.
There is a stone staircase leading down here.
Okay, then.
You climb downwards.
Hpc's ghost (novice Formicid Fighter) comes into view.
Found a flail and a glowing falchion.
There is a stone staircase leading up here.
Press: ? - help, v - describe, . - travel
Here: hpc's ghost The floor.
It was a potion of ambrosia.
You are confused.
You feel invigorated.
In your confused state, you trip and fall back down the stairs.
Unknown command.
Hpc's ghost hits you!
Unknown command.
You're too confused to move!
You feel less invigorated.
You feel less confused.
Hpc's ghost hits you but does no damage.
Found a runed falchion and a runed ring mail.
A worm comes into view.
As you read the scroll labeled URUPAS MOAPOXKOLO, it crumbles to dust.
You feel blessed for a moment.
It was a scroll of remove curse.
Hpc's ghost hits you but does no damage.
Adjust (i)tems, (s)pells, or (a)bilities?
Adjust which item? (? for menu, Esc to quit)
Okay, then.
Okay, then.
It was a potion of might.
You feel very mighty all of a sudden. Hpc's ghost barely misses you.
Casting: Shroud of Golubria
Confirm with . or Enter, or press ? or * to list all spells.
You begin infusing your attacks with magical energy.
Hpc's ghost hits you.
You slash hpc's ghost!
Hpc's ghost is lightly damaged.
Hpc's ghost says, "You can hit me, but you can't hurt me."
Hpc's ghost misses you.
You barely miss hpc's ghost.
Hpc's ghost is lightly damaged.
Hpc's ghost hits you.
You slash hpc's ghost!
Hpc's ghost is moderately damaged.
Hpc's ghost hits you.
You barely miss hpc's ghost.
Hpc's ghost is moderately damaged.
Hpc's ghost hits you but does no damage.
You hit hpc's ghost.
Hpc's ghost is moderately damaged.
Hpc's ghost hits you.
You hit hpc's ghost.
Hpc's ghost is heavily damaged.
Hpc's ghost completely misses you. Hpc's ghost barely misses you.
You slash hpc's ghost!
Hpc's ghost is heavily damaged.
Hpc's ghost hits you!
* * * LOW HITPOINT WARNING * * *
You hit hpc's ghost. Your bite misses hpc's ghost.
Hpc's ghost is severely damaged.
Hpc's ghost hits you!
You die...

.. ...#..# #..
#.#..####).. ...
#...........
#.########.<#
###...........#
#.............###
###w.........)#
#W####..###.# #@#
#..# # #.# #....
#.# #.#### #.#
#.# #.# #[. #.#
#.# #.#


You could see a worm and hpc's ghost.

Vanquished Creatures
  3 adders (D:2)
  2 worms (D:2)
  A leopard gecko (D:1)
  3 bats (D:2)
  2 hobgoblins
  4 kobolds
  A quokka (D:2)
  A frilled lizard (D:1)
  A rat (D:2)
18 creatures vanquished.

Notes
Turn   | Place    | Note
-------+----------+-------------------------------------------
     0 | D:1      | tidbits the Gnoll Skald began the quest for the Orb.
     0 | D:1      | Reached XP level 1. HP: 20/20 MP: 6/6
    69 | D:2      | Reached XP level 2. HP: 26/26 MP: 3/7
    73 | D:2      | Learned a level 2 spell: Song of Slaying
    76 | D:2      | Learned a level 2 spell: Shroud of Golubria
   304 | D:2      | Reached XP level 3. HP: 29/31 MP: 6/9
   332 | D:2      | Reached skill level 5 in Spellcasting
   337 | D:2      | Learned a level 3 spell: Regeneration
   341 | D:2      | Learned a level 3 spell: Spectral Weapon
   424 | D:2      | Reached skill level 1 in Invocations
   515 | D:3      | Noticed Syrassil's ghost (amateur DrIE)
   531 | D:4      | Noticed hpc's ghost (novice FoFi)
   554 | D:4      | HP: 3/31 [hpc's ghost (14)]
   555 | D:4      | Mangled by hpc's ghost

Skill      XL: |  1  2  3 |
---------------+----------+-----
Spellcasting   | 5 |  5.0
Invocations    | 1 |  1.0
Fighting       | |  4.5
Short Blades   | |  0.9
Long Blades    | |  0.9
Axes           | |  4.5
Maces & Flails | |  0.9
Polearms       | |  0.9
Staves         | |  0.9
Slings         | |  0.9
Bows           | |  0.9
Crossbows      | |  0.9
Throwing       | |  0.9
Armour         | |  2.6
Dodging        | |  4.5
Stealth        | |  0.9
Shields        | |  0.9
Unarmed Combat | |  0.9
Conjurations   | |  0.6
Hexes          | |  0.6
Charms         | |  5.4
Summonings     | |  0.6
Necromancy     | |  0.6
Translocations | |  0.6
Transmutations | |  0.6
Fire Magic     | |  0.6
Ice Magic      | |  0.6
Air Magic      | |  0.6
Earth Magic    | |  0.6
Poison Magic   | |  0.6
Evocations     | |  0.9

Action                   || total
-------------------------++-------
Melee: Hand axe          ||    43
       Bite              ||     3
 Cast: Infusion          ||    10
  Use: Scroll            ||     4
       Potion            ||     2
 Stab: Sleeping          ||     1
Armor: Leather armour    ||    11
Dodge: Dodged            ||    32

Table legend:
 A = Turns spent in this place as a percentage of turns spent in the entire game.
 B = Non-inter-level travel turns spent in this place as a percentage of non-inter-level travel turns spent in the entire game.
 C = Inter-level travel turns spent in this place as a percentage of turns spent in this place.
 D = Turns resting spent in this place as a percentage of non-inter-level travel turns spent in this place.
 E = Turns spent auto-exploring this place as a percentage of non-inter-level travel turns spent in this place.
 F = Non-inter-level travel turns spent in this place divided by the number of levels of this place that you've seen.
                   A       B       C       D       E      F
               +-------+-------+-------+-------+-------+----------------------
         Total | 100.0 | 100.0 |   0.0 |   0.0 |   0.0 | 138.8
       Dungeon | 100.0 | 100.0 |   0.0 |   0.0 |   0.0 | 138.8
               +-------+-------+-------+-------+-------+----------------------

Table legend:
 A = Kills in this place as a percentage of kills in entire the game.
 B = Kills by you in this place as a percentage of kills by you in the entire game.
 C = Kills by friends in this place as a percentage of kills by friends in the entire game.
 D = Other kills in this place as a percentage of other kills in the entire game.
 E = Experience gained in this place as a percentage of experience gained in the entire game.
 F = Experience gained in this place divided by the number of levels of this place that you have seen.
                   A       B       C       D       E      F
               +-------+-------+-------+-------+-------+----------------------
         Total | 100.0 | 100.0 |   N/A |   N/A | 100.0 |  17.8
       Dungeon | 100.0 | 100.0 |   N/A |   N/A | 100.0 |  17.8
               +-------+-------+-------+-------+-------+----------------------

Vault maps used:
D:1:      dpeg_arrival_snail
D:3:      first_ration
D:4:      minmay_temple_entry_statues_fountains, item_on_display_a, uniq_robin
